 Dungeon Crawl Stone Soup version 0.29.0-4-gdea44cf6ec (webtiles) character file.

Game seed: 9818846698676463260

18 Godmorgon the Vexing (level 2, 0/23 HPs)
             Began as a Gnoll Arcane Marksman on Aug 27, 2022.
             Slain by a black bear (2 damage)
             ... on level 2 of the Dungeon.
             The game lasted 00:04:43 (1049 turns).

Godmorgon the Vexing (Gnoll Arcane Marksman)        Turns: 1049, Time: 00:04:43

Health: 0/23       AC:  2    Str:  9    XL:     2   Next: 66%
Magic:  5/5        EV: 10    Int: 12    God:
Gold:   68         SH:  0    Dex: 12    Spells: 5/6 levels left

rFire   . . .      SeeInvis .   a - +1 sling
rCold   . . .      Faith    .   (no shield)
rNeg    . . .      Spirit   .   c - +0 robe
rPois   .          Reflect  .   (no helmet)
rElec   .          Harm     .   (no cloak)
rCorr   .          Rampage  .   (no gloves)
Will    .....                   (no boots)
Stlth   +.........              (no amulet)
HPRegen 0.07/turn               (no ring)
MPRegen 0.09/turn               (no ring)

@: brilliant, constricted
A: fangs 1, strong nose, distributed training
a: no special abilities


You were on level 2 of the Dungeon.
You visited 1 branch of the dungeon, and saw 2 of its levels.

You collected 68 gold pieces.

Inventory:

Hand Weapons
 a - a +1 sling (weapon)
 b - a +0 dagger
Missiles
 d - 17 stones
 h - 4 poisoned darts
Armour
 c - a +0 robe (worn)
 g - a scarf of invisibility
Scrolls
 e - a scroll of enchant armour
 f - a scroll of identify
 i - a scroll of summoning {unknown}


   Skills:
 + Level 2.5 Fighting
 + Level 0.5 Short Blades
 + Level 0.5 Long Blades
 + Level 0.5 Axes
 + Level 0.5 Maces & Flails
 + Level 0.5 Polearms
 + Level 0.5 Staves
 + Level 4.5 Ranged Weapons
 + Level 0.5 Throwing
 + Level 0.5 Armour
 + Level 4.5 Dodging
 + Level 0.5 Stealth
 + Level 0.5 Shields
 + Level 0.5 Unarmed Combat
 + Level 2.7 Spellcasting
 + Level 0.3 Conjurations
 + Level 5.3 Hexes
 + Level 0.3 Summonings
 + Level 0.3 Necromancy
 + Level 0.3 Translocations
 + Level 0.3 Transmutations
 + Level 0.3 Fire Magic
 + Level 0.3 Ice Magic
 + Level 0.3 Air Magic
 + Level 0.3 Earth Magic
 + Level 0.3 Poison Magic
 + Level 0.6 Invocations
 + Level 0.5 Evocations


You had 5 spell levels left.
You knew the following spells:

 Your Spells              Type           Power      Damage    Failure   Level
a - Slow                  Hex            84%        N/A       2%          1

Your spell library contained the following spells:

 Spells                   Type           Power      Damage    Failure   Level
 Inner Flame              Hex/Fire       12%        N/A       24%         3
 Portal Projectile        Hex/Tloc       24%        N/A       24%         3
 Cause Fear               Hex            10%        N/A       26%         4


Dungeon Overview and Level Annotations

Branches:
Dungeon (2/15)

Altars:


Innate Abilities, Weirdness & Mutations

You have very sharp teeth.
Your uncanny sense of smell can sniff out nearby items.
Your experience applies equally to all skills.


Message History

Found a bubbling white potion and a fizzy emerald potion.
There is a stone staircase leading up here.
You climb upwards.
There is a stone staircase leading down here.
There's nothing to close nearby.
You climb downwards.
The ball python barely misses you. The ball python grabs you.
The ball python constricts you. The hobgoblin closely misses you.
The black bear closely misses you. x3
The ball python closely misses you. The ball python constricts you.
There is a stone staircase leading up here.
You escape the ball python's grasp.
The black bear barely misses you. The black bear claws you.
The black bear barely misses you. The hobgoblin closely misses you.
The ball python bites you. The ball python grabs you.
You stop ascending the stairs.
The ball python constricts you.
Really read the scroll of poison?
The air fills with toxic fumes!
As you read the scroll of poison, it crumbles to dust.
The ball python closely misses you. The frilled lizard bites you.
The hobgoblin barely misses you. The black bear barely misses you.
The black bear claws you. x2; The ball python bites you.
The ball python constricts you.
It was a potion of brilliance.
You feel clever all of a sudden. The ball python closely misses you.
The ball python barely misses you. The ball python constricts you.
The frilled lizard bites you but does no damage.
The hobgoblin completely misses you. The black bear bites you.
* * * LOW HITPOINT WARNING * * *
The black bear claws you.
* * * LOW HITPOINT WARNING * * *
The black bear misses you. The ball python bites you.
* * * LOW HITPOINT WARNING * * *
As you read the scroll labelled JUIXAI QEQA, it crumbles to dust.
It is a scroll of identify.
e - a scroll of enchant armour The ball python barely misses you.
The ball python constricts you.
* * * LOW HITPOINT WARNING * * *
The hobgoblin closely misses you. The black bear bites you.
You die...

§§§§ §§§#
##§ §§§
##§§§
§§####§§§§§
##§§§§§§§§§§
§§§§§§§§§§§
#§Sl§§§§§§
#§@h§§§§§§
##Sg§§§§§§
#§§§§§§§§
§§§§§§§§§
§§§§§§§§§
§§§§§§§§§§
§§§§§§§§§§
#§§§§§§§§§§


You could see a black bear, a hobgoblin, 2 ball pythons and a frilled lizard.

Vanquished Creatures
  4 bats (D:1)
  2 endoplasms (D:1)
  2 hobgoblins (D:1)
  2 goblins (D:1)
  4 kobolds (D:1)
  A rat (D:1)
15 creatures vanquished.

Notes
Turn   | Place    | Note
-------+----------+-------------------------------------------
     0 | D:1      | Godmorgon the Gnoll Arcane Marksman began the quest for the
                  | Orb.
     0 | D:1      | Reached XP level 1. HP: 17/17 MP: 4/4
   185 | D:1      | Reached XP level 2. HP: 23/23 MP: 5/5
  1041 | D:2      | Noticed a black bear
  1049 | D:2      | Slain by a black bear

Illustrated notes

Levels and vault maps discovered:
D:1:      roderic_dead_forest, layout_basic
D:2:      layout_rooms, shapermc_ecumenical_altar_mp_vishouse,
          minmay_misc_feat_x, wad_floor_pattern_untrapped, minmay_tetromino_t4

Action                   || total
-------------------------++-------
 Fire: Sling             ||    49
 Cast: Slow              ||     2
  Use: Scroll            ||     2
       Potion            ||     1
Armor: Robe              ||     6
Dodge: Dodged            ||    34
